 Dungeon Crawl Stone Soup version 0.30-a0-702-gdf48620a09 (webtiles) character file.

Game seed: 18205389057517057783

509 Leeroy the Gusty (level 7, 0/40 HPs)
             Began as a Tengu Warper on Jan 21, 2023.
             Was a Follower of Wu Jian.
             Killed themself with a badly aimed concussive blast (21 damage)
             ... on level 5 of the Dungeon.
             The game lasted 00:04:06 (3934 turns).

Leeroy the Gusty (Tengu Warper)                     Turns: 3934, Time: 00:04:07

Health: 0/40       AC:  3    Str: 11    XL:     7   Next: 19%
Magic:  15/20      EV: 14    Int: 14    God:    Wu Jian [*.....]
Gold:   183        SH:  0    Dex: 15    Spells: 5/10 levels left

rFire   . . .      SeeInvis .    D - +1 dagger (speed)
rCold   + + .      Faith    .    (no shield)
rNeg    . . .      Spirit   .    E - +0 robe {rC+}
rPois   .          Reflect  .    (helmet restricted)
rElec   .          Harm     .    C - +0 cloak
rCorr   .          Rampage  .    (no gloves)
Will    .....                    (boots unavailable)
Stlth   +                        (no amulet)
HPRegen 0.26/turn                j - ring of protection from cold
MPRegen 0.17/turn                I - ring of magical power

@: flying quickly and evasively, quick
A: beak, talons 3, nimble flight
a: Renounce Religion


You were on level 5 of the Dungeon.
You worshipped Wu Jian.
Wu Jian was aware of your devotion.
You visited 2 branches of the dungeon, and saw 6 of its levels.

You collected 183 gold pieces.

Inventory:

Hand Weapons
 a - a +0 falchion
 q - a +2 dagger of draining
 D - a +1 dagger of speed (weapon)
 H - a +0 shortbow of flaming
Missiles
 d - 7 boomerangs of dispersal (quivered)
 o - 6 boomerangs
Armour
 b - a +0 leather armour
 n - a +0 cloak
 C - a +0 cloak (worn)
 E - a +0 robe of cold resistance (worn)
Jewellery
 j - a ring of protection from cold (left hand)
 y - an amulet of magic regeneration
 F - a ring of positive energy
 I - a ring of magical power (right hand)
Wands
 r - a wand of flame (14)
 x - a wand of polymorph (9)
 J - a wand of acid (9)
Scrolls
 c - a scroll of blinking
 f - a scroll of enchant armour {unknown}
 i - 7 scrolls of identify {unknown}
 k - 2 scrolls of fog {unknown}
 m - a scroll of fear {unknown}
 s - 2 scrolls of teleportation {unknown}
 u - 4 scrolls of amnesia {unknown}
 A - 2 scrolls of magic mapping {unknown}
 G - a scroll of noise {unknown}
Potions
 e - a potion of haste {unknown}
 g - a potion of might {unknown}
 h - a potion of flight {unknown}
 l - a potion of invisibility {unknown}
 p - 3 potions of curing {unknown}
 t - 2 potions of mutation {unknown}
 v - 3 potions of lignification {unknown}
 w - 2 potions of ambrosia {unknown}
 z - a potion of brilliance {unknown}
 B - a potion of degeneration {unknown}


   Skills:
 - Level 2.0 Fighting
 - Level 4.8 Long Blades
 - Level 1.0 Throwing
 - Level 1.1 Armour
 - Level 2.1 Dodging
 - Level 2.0 Spellcasting
 + Level 4.4 Translocations
 + Level 0.3 Fire Magic
 * Level 5.1 Air Magic


You had 5 spell levels left.
You knew the following spells:

 Your Spells              Type           Power      Damage    Failure   Level
a - Blink                 Tloc           26%        N/A       6%          2
b - Kindle Blastsparks    Fire/Tloc/Air  20%        2d11      19%         3

Your spell library contained the following spells:

 Spells                   Type           Power      Damage    Failure   Level
 Lesser Beckoning         Tloc           26%        N/A       6%          2
 Vhi's Electric Charge    Tloc/Air       28%        N/A       10%         3
 Static Discharge         Conj/Air       16%        2-3/arc   12%         2
 Teleport Other           Tloc           13%        N/A       12%         3
 Necrotise                Necr           4%         1d4       24%         1
 Manifold Assault         Tloc           13%        N/A       36%         4
 Ignite Poison            Fire/Tmut/Pois 1%         N/A       56%         3
 Vampiric Draining        Necr           1%         2d6       56%         3
 Arcjolt                  Conj/Air       4%         1d14      92%         5
 Lightning Bolt           Conj/Air       4%         1d15      92%         5
 Freezing Cloud           Conj/Ice/Air   3%         6-21      97%         5
 Agony                    Necr           1%         N/A       100%        5


Dungeon Overview and Level Annotations

Branches:
Dungeon (5/15)             Temple (1/1) D:4

Altars:
Dithmenos
Elyvilon
Fedhas
Gozag
Makhleb
Vehumet
Wu Jian
Yredelemnul
Zin
The Shining One


Innate Abilities, Weirdness & Mutations

You have a beak for a mouth.
You have claws for feet.
Your magical nature lets you fly swiftly and evasively.


Message History

The hound is severely wounded.
The concussive blast engulfs you!
You are knocked back by the blast.
Unknown command.
You hit the hound but do no damage.
The hound is severely wounded.
The hound closely misses you.
You hit the hound. Your peck misses the hound.
The hound is almost dead.
The hound completely misses you.
You barely miss the hound. Your kick misses the hound.
The hound is almost dead.
The hound barely misses you.
You hit the hound but do no damage. Your kick misses the hound.
The hound is almost dead.
The hound closely misses you.
You hit the hound but do no damage.
The hound is almost dead.
You hit the hound but do no damage.
The hound is almost dead.
The hound bites you.
You hit the hound. Your peck misses the hound.
The hound is almost dead.
The hound bites you.
You hit the hound.
You kill the hound!
The Council accepts your kill.
A scorpion comes into view.
You see here a hound corpse.
Casting: Kindle Blastsparks (quite dangerous; 19% risk of failure)
Confirm with . or Enter, or press ? or * to list all spells.
The spell is quite dangerous to miscast (19% risk of failure)!
Continue anyway?
A cloud of volatile blastsparks flares up around you!
The scorpion barely misses you. The scorpion attacks as you move away!
The scorpion closely misses you.
The cloud of blastsparks explodes!
The concussive blast engulfs the scorpion!
The scorpion is heavily wounded.
The concussive blast engulfs you!!
Ouch! That really hurt!
You die...

..# ####...###.♣ ..#
#..........♣♣♣♣
..####..............
..............+....
..............##.#
................o#
.................#
.................#
......###.......@#
......# #[......s#
####### #####+##.#
#...........
#....###.##. #....#
#....# #....# #....#


You could see a scorpion and an orc.

Vanquished Creatures
  An ogre (D:4)
  2 phantoms
  4 hounds
  An orc wizard (D:4)
  Terence (D:3)
  An adder (D:3)
  A shadow imp (D:4)
  A worm (D:3)
  7 dart slugs
  9 orcs
  7 ball pythons
  4 bats
  5 endoplasms
  A giant cockroach (D:4)
  7 hobgoblins
  5 jackals
  7 kobolds
  4 quokkas
  3 frilled lizards (D:1)
  3 goblins
  5 rats
79 creatures vanquished.

Vanquished Creatures (others)
  7 toadstools (D:1)
7 creatures vanquished.

Grand Total: 86 creatures vanquished

Notes
Turn   | Place    | Note
-------+----------+-------------------------------------------
     0 | D:1      | Leeroy the Tengu Warper began the quest for the Orb.
     0 | D:1      | Reached XP level 1. HP: 12/12 MP: 4/4
   180 | D:1      | Reached XP level 2. HP: 16/17 MP: 6/6
   460 | D:1      | Reached XP level 3. HP: 19/21 MP: 7/7
   623 | D:1      | Found a faded altar of an unknown god.
   630 | D:1      | Learned a level 2 spell: Blink
   634 | D:1      | Learned a level 3 spell: Kindle Blastsparks
   908 | D:2      | Found an ornate altar of the Wu Jian Council.
   931 | D:2      | Became a worshipper of the Wu Jian Council
  1848 | D:3      | Reached XP level 4. HP: 6/26 MP: 8/8
  2063 | D:3      | Found a glowing golden altar of the Shining One.
  2179 | D:3      | Noticed Terence
  2187 | D:3      | Killed Terence
  2188 | D:3      | Reached skill level 1 in Air Magic
  2391 | D:3      | Gained mutation: Your magical nature lets you fly swiftly
                  | and evasively. [Tengu growth]
  2391 | D:3      | Reached XP level 5. HP: 27/30 MP: 9/9
  2600 | D:3      | Reached skill level 2 in Air Magic
  2639 | D:4      | Noticed a phantom
  2652 | D:4      | Killed a phantom
  2653 | D:4      | Reached skill level 3 in Air Magic
  2782 | D:4      | Noticed an ogre
  2790 | D:4      | Killed an ogre
  2791 | D:4      | Reached XP level 6. HP: 35/35 MP: 10/10
  2867 | D:4      | Found a staircase to the Ecumenical Temple.
  2916 | D:4      | Reached skill level 4 in Air Magic
  2971 | D:4      | Found a shadowy altar of Dithmenos.
  2979 | D:4      | Found a radiant altar of Vehumet.
  2980 | D:4      | Found a blossoming altar of Fedhas.
  2983 | D:4      | Found a white marble altar of Elyvilon.
  2984 | D:4      | Found a burning altar of Makhleb.
  3005 | D:4      | Reached * piety under Wu Jian
  3560 | Temple   | Entered the Ecumenical Temple
  3589 | D:5      | Entered Level 5 of the Dungeon
  3738 | D:5      | HP: 1/35 [shot self (14)]
  3740 | D:5      | Reached skill level 5 in Air Magic
  3740 | D:5      | Reached XP level 7. HP: 2/40 MP: 11/11
  3934 | D:5      | Killed themself with a badly aimed concussive blast

Illustrated notes

Levels and vault maps discovered:
D:1:      nagdon_arrival_double_spiral, layout_loops_ring,
          hellmonk_ecumenical_altar_crossroads
D:2:      layout_basic, basic_altar
D:3:      layout_loops_ring, marbit_many_paths, uniq_terence
D:4:      layout_gridville, minitemple, minmay_temple_entry_glass
D:5:      layout_basic, mainiacjoe_overflow_surrounded_room, nrook_campfire,
          chequers_serial_rivers_micro_c
Temple:   nicolae_temple_bog_church

Skill      XL: |  1  2  3  4  5  6 |
---------------+-------------------+-----
Long Blades    | 3 4 |  4.8
Air Magic      | 1 3 5 |  5.1
Translocations | 3 4 |  4.4
Fighting       | |  2.0
Throwing       | |  1.0
Armour         | |  1.1
Dodging        | |  2.1
Spellcasting   | |  2.0
Fire Magic     | |  0.3

Action                   |  1- 3 |  4- 6 |  7- 9 || total
-------------------------+-------+-------+-------++-------
Melee: Falchion          |    84 |       |       ||    84
       Kick              |    13 |    28 |       ||    41
       Peck              |    10 |    21 |       ||    31
       Punch             |     2 |     3 |       ||     5
       Dagger            |       |   116 |     8 ||   124
 Cast: Kindle Blastspark |       |     4 |     3 ||     7
Invok: Lunge             |     3 |    13 |       ||    16
       Whirlwind         |       |     2 |       ||     2
 Stab: Sleeping          |     1 |     1 |       ||     2
Armor: Leather armour    |    16 |    14 |       ||    30
       Robe              |       |     1 |       ||     1
Dodge: Dodged            |    43 |    33 |     6 ||    82

Table legend: (Time is in decaauts)
 A = Elapsed time spent in this place.
 B = Non-inter-level travel time spent in this place.
 C = Inter-level travel time spent in this place.
 D = Time resting spent in this place.
 E = Time spent auto-exploring this place.
 F = Levels seen in this place.
 G = Mean time per level.
                   A        B        C        D        E       F      G
               +--------+--------+--------+--------+--------+-----+--------+
         Total |   3896 |   3742 |    154 |    203 |   2982 |   6 |  649.3 |
       Dungeon |   3886 |   3737 |    149 |    203 |   2979 |   5 |  777.2 |
        Temple |     10 |      6 |      4 |      0 |      2 |   1 |   10.0 |
               +--------+--------+--------+--------+--------+-----+--------+

Top non-repeatable levels by time:
     D:1: 983 daAuts
     D:4: 954 daAuts
     D:2: 926 daAuts
     D:3: 770 daAuts
     D:5: 251 daAuts
  Temple: 10 daAuts
